Map: Dusk Towers

Players

capac - Winner!

  • Race: Terran Terran
  • League: Gold

Gawan

  • Race: Zerg Zerg
  • League: Gold

VOD

Have the link to the VOD?

Description

Time

  • Played on: Feb. 18, 2016, 4:16 p.m.
  • Length: 22:54
Show
View Real Time Build Order
Export as new Build Order

capac Terran - Winner!

Build Orders:  

Get SALT Encoding   

  12  0:01  SCV  
  13  0:13  SCV  
  14  0:18  Supply Depot  
  14  0:25  SCV  
  15  0:40  SCV  
  15  0:42  Barracks  
  16  0:47  Refinery  
  16  0:52  SCV  
  17  1:04  SCV  
  18  1:16  SCV  
  19  1:28  SCV  
  19  1:31  Barracks Reactor  
  20  1:47  Supply Depot  
  20  1:56  Command Center  
  20  2:01  SCV  
  21  2:09  Marine x2  
  21  2:12  Factory  
  23  2:17  SCV  
  24  2:28  Marine x2  
  27  2:33  Orbital Command  
  26  2:42  Barracks  
  26  2:47  Marine  
  26  2:48  Marine  
  28  2:57  Starport  
  28  3:02  Factory Reactor  
  27  3:06  Refinery  
  27  3:09  Marine x2  
  29  3:17  SCV  
  30  3:23  Orbital Command  
  30  3:32  Marine x3  
  33  3:45  SCV  
  33  3:48  Medivac  
  36  3:50  Marine  
  36  3:51  Marine  
  36  3:52  Marine  
  39  3:56  Medivac  
  39  3:58  SCV  
  42  4:04  SCV  
  43  4:11  Supply Depot  
  43  4:14  Barracks Tech Lab  
  43  4:18  Marine x2  
  43  4:23  SCV  
  46  4:29  Engineering Bay  
  46  4:33  SCV  
  46  4:38  Marine x2, Stimpack  
  48  4:40  Marine  
  50  4:45  SCV  
  50  4:46  SCV  
  52  4:59  Liberator  
  52  5:01  Supply Depot  
  52  5:32  Marine x3, Liberator  
  55  5:48  Supply Depot  
  58  5:50  Marine x3  
  58  5:51  Factory Tech Lab  
  48  6:06  Medivac  
  48  6:08  Marine  
  51  6:16  Marine x2  
  51  6:17  Barracks x2, Command Center  
  51  6:18  Siege Tank  
  56  6:28  Liberator  
  59  6:51  Siege Tank  
  59  6:53  Marine x2  
  64  7:01  Marine  
  65  7:47  Marine x3  
  65  7:48  Barracks Reactor  
  65  7:49  Barracks Reactor  
  65  7:50  Siege Tank, Medivac  
  73  7:55  SCV x2  
  75  8:00  Refinery  
  75  8:01  Refinery  
  75  8:05  Marine x2  
  76  8:07  SCV  
  76  8:08  Marine  
  79  8:19  SCV  
  80  8:23  Marine  
  81  8:38  SCV x3  
  81  8:40  Marine  
  85  8:47  Supply Depot  
  85  8:48  Marine x5  
  85  8:50  Terran Infantry Weapons Level 1  
  85  8:51  Supply Depot  
  85  8:53  Engineering Bay  
  85  8:55  Barracks  
  90  9:03  Liberator, SCV x3  
  90  9:04  Liberator  
  93  9:11  Supply Depot  
  93  9:15  Supply Depot, SCV x2  
  93  9:16  Orbital Command  
  95  9:23  Siege Tank  
  104  9:28  Barracks  
  104  9:29  Terran Infantry Armor Level 1  
  104  9:32  Armory  
  104  9:34  SCV x2  
  106  9:46  SCV x2  
  106  9:50  Marine x3  
  106  9:51  Marine x3  
  106  9:52  Marine  
  115  9:53  Starport  
  115  10:00  SCV x3  
  115  10:02  Refinery  
  118  10:10  Liberator  
  118  10:12  SCV  
  118  10:13  SCV x2  
  121  10:16  Refinery  
  121  10:23  Terran Ship Weapons Level 1  
  121  10:24  SCV  
  121  10:25  Siege Tank  
  128  10:42  SCV x2  
  130  10:43  SCV  
  131  10:52  Barracks Reactor x2, Command Center  
  131  10:54  SCV x2  
  131  10:55  Starport Reactor  
  133  11:00  Supply Depot  
  133  11:03  Supply Depot  
  133  11:05  Siege Tank  
  133  11:06  Marine x6  
  133  11:07  Marine  
  133  11:10  Medivac  
  145  11:23  Marine  
  145  11:24  Marine  
  147  11:25  Supply Depot  
  147  11:29  Marine x3  
  147  11:30  Marine x2, Combat Shields  
  152  11:34  Terran Infantry Weapons Level 2  
  152  11:38  Terran Infantry Armor Level 2  
  152  11:41  Medivac x2  
  156  11:47  Supply Depot, Marine x2  
  156  11:48  Marine x3  
  161  11:55  Supply Depot  
  161  11:58  Liberator x2  
  161  11:59  Liberator  
  161  12:01  SCV x2  
  161  12:02  Liberator, SCV  
  161  12:07  Marine x3  
  167  12:13  SCV  
  180  12:40  SCV x3  
  183  12:48  Siege Tank  
  186  12:54  Marine  
  186  12:58  Liberator x4  
  178  14:31  Marine  
  178  14:32  Marine x4  
  178  14:35  Planetary Fortress  
  183  14:42  Marine x5  
  183  14:43  Marine  
  189  14:49  Marine x3  
  189  14:50  Marine x2  
  194  15:00  Marine x3  
  151  15:28  Marine x7  
  150  15:29  Marine x2  
  146  15:53  Marine x4  
  146  15:54  Marine  
  134  16:21  Marine x3  
  134  16:22  Marine x6  
  134  16:23  Marine  
  131  16:49  Marine  
  131  16:50  Marine x6  
  128  16:56  Marine  
  128  16:57  Marine x3  
  132  17:07  Marine x2  
  132  17:08  Marine x5  
  139  18:21  Command Center  
  105  20:11  Marine x3  
  105  20:12  Marine x3  
  104  20:29  Marine x5  
  104  20:30  Marine x4  
  113  20:39  Planetary Fortress  
  113  20:40  Refinery  
  113  21:24  Marine x6  
  119  21:44  Refinery  
Show
View Real Time Build Order
Export as new Build Order

Gawan Zerg 

Build Orders: Hatch First 

Get SALT Encoding   

  12  0:01  Drone  
  13  0:12  Overlord  
  13  0:18  Drone  
  14  0:30  Drone  
  14  0:31  Drone  
  16  0:35  Drone  
  17  0:47  Drone  
  18  0:57  Hatchery  
  18  0:59  Drone  
  18  1:08  Extractor  
  17  1:15  Spawning Pool  
  17  1:18  Drone  
  17  1:20  Drone  
  18  1:28  Drone  
  19  1:51  Overlord  
  19  2:00  Drone  
  20  2:03  Drone  
  21  2:08  Queen  
  21  2:10  Queen  
  21  2:11  Zergling x2  
  21  2:12  Zergling x2  
  27  2:23  Zergling x2  
  27  2:24  Drone  
  29  2:39  Drone x2  
  31  2:59  Drone  
  31  3:00  Hatchery, Drone x3  
  34  3:20  Drone  
  34  3:21  Drone  
  34  3:22  Overlord x2  
  36  3:43  Drone x8  
  44  3:49  Spore Crawler  
  44  3:52  Spine Crawler  
  44  3:54  Drone x2  
  44  4:09  Extractor  
  43  4:23  Zergling x18  
  52  4:24  Queen  
  52  4:26  Evolution Chamber  
  52  4:27  Baneling Nest  
  52  4:28  Evolution Chamber  
  51  4:36  Drone x6  
  51  4:37  Drone  
  58  4:39  Overlord x2  
  58  4:53  Spore Crawler  
  58  4:58  Zerg Melee Weapons Level 1  
  57  5:02  Zerg Ground Armor Level 1  
  49  5:20  Zergling x2  
  45  5:21  Zergling x20  
  45  5:22  Zergling x4  
  56  5:28  Baneling x2  
  56  5:29  Baneling x3  
  56  5:32  Zergling x2  
  57  5:50  Spawning Pool  
  52  6:06  Drone  
  52  6:07  Drone x10  
  63  6:43  Spore Crawler  
  60  6:52  Spore Crawler  
  60  6:53  Spore Crawler  
  58  6:55  Spore Crawler  
  58  6:56  Extractor  
  58  6:58  Extractor  
  55  7:03  Baneling Nest  
  55  7:07  Lair  
  49  7:28  Zergling x2  
  49  7:29  Zergling x40  
  71  7:30  Zergling x2  
  63  7:52  Zergling x10  
  63  7:53  Zergling x6  
  71  8:00  Metabolic Boost  
  71  8:15  Baneling x5  
  71  8:16  Baneling x4  
  71  8:17  Baneling  
  71  8:41  Zergling x2  
  71  8:42  Zergling x2  
  71  8:44  Overlord x4  
  73  8:56  Zerg Ground Armor Level 2  
  73  8:57  Zerg Melee Weapons Level 2  
  73  9:03  Drone  
  73  9:04  Drone x5  
  73  9:05  Drone  
  73  9:09  Drone  
  81  9:10  Drone  
  81  9:15  Drone  
  81  9:16  Drone  
  84  9:25  Spore Crawler  
  84  9:27  Drone  
  84  9:28  Drone x2  
  86  9:47  Drone  
  86  9:48  Drone x8  
  86  9:49  Drone  
  86  9:52  Drone  
  97  9:53  Drone  
  97  9:55  Drone  
  99  10:05  Centrifical Hooks  
  99  10:10  Baneling x2  
  99  10:14  Drone x4  
  100  10:15  Drone x2  
  105  10:37  Overlord x4  
  105  10:38  Overlord x2  
  105  10:45  Infestation Pit  
  105  10:47  Zergling x2  
  105  11:01  Zergling x2  
  105  11:02  Zergling x18  
  115  11:06  Hatchery  
  114  11:22  Hive  
  114  11:50  Zergling x22  
  114  11:51  Zergling x14  
  132  12:09  Zergling x6  
  135  12:18  Baneling x5  
  135  12:19  Baneling x11  
  135  12:20  Baneling x3  
  135  12:21  Baneling  
  135  12:28  Drone x11  
  135  12:29  Drone x3  
  149  12:32  Overlord x3  
  149  12:45  Hatchery  
  149  12:46  Hatchery  
  149  12:47  Zerg Ground Armor Level 3  
  149  12:49  Zerg Melee Weapons Level 3  
  147  12:51  Adrenal Glands  
  147  13:07  Extractor  
  147  13:09  Ultralisk Cavern  
  145  13:17  Extractor  
  145  13:20  Drone x3  
  147  13:37  Extractor  
  147  13:39  Extractor, Drone x3  
  148  13:41  Drone x2  
  148  13:42  Drone  
  91  14:21  Zergling x2  
  91  14:22  Zergling x14, Ultralisk  
  91  14:23  Ultralisk x5  
  120  14:26  Zergling x2  
  120  14:27  Zergling x28  
  132  14:38  Ultralisk x2  
  144  14:39  Zergling x2  
  144  14:40  Zergling x12  
  151  14:53  Zergling x4  
  151  14:54  Ultralisk  
  151  14:55  Zergling x8  
  151  14:59  Zergling x6  
  166  15:02  Zergling x2  
  166  15:04  Zergling x4  
  129  15:20  Zergling x2, Ultralisk  
  109  15:21  Zergling x2  
  109  15:22  Zergling x10  
  86  15:34  Ultralisk  
  92  15:47  Ultralisk  
  92  15:48  Zergling x6  
  87  16:04  Ultralisk  
  87  16:07  Zergling x8  
  87  16:09  Zergling x2  
  89  16:25  Ultralisk  
  93  16:36  Ultralisk  
  59  17:34  Ultralisk x2  
  77  18:06  Viper  
  78  19:03  Ultralisk  
  78  19:04  Zergling x8  
  20  20:50  Infestor  
  20  20:51  Infestor x4  
  20  20:52  Infestor x2  
Tags
 
Add a new tag
Caveats
  • Supply blocks, unpowered buildings, or Contaminate may cause inaccurate times.
  • Supply counts are checked every 10 seconds.